 Dungeon Crawl Stone Soup version 0.26-b1-57-gb162d0664a (webtiles) character file.

Game seed: 8506362780372787887

415 Gauvater the Bolt Thrower (level 7, -9/43 HPs)
             Began as a Kobold Hunter on Jan 9, 2021.
             Mangled by Menkaure (16 damage)
             ... on level 6 of the Dungeon.
             The game lasted 00:28:24 (5616 turns).

Gauvater the Bolt Thrower (Kobold Hunter)           Turns: 5616, Time: 00:28:25

Health: -9/43      AC:  4    Str: 10    XL:     7   Next: 15%
Magic:  7/7        EV: 15    Int: 13    God:
Gold:   196        SH:  0    Dex: 16    Spells: 6/6 levels left

rFire    . . .     SeeInvis .   b - +0 dagger (flame)
rCold    . . .     Faith    .   (shield restricted)
rNeg     . . .     Spirit   .   m - +1 leather armour {rPois}
rPois    +         Reflect  .   (no helmet)
rElec    .         Harm     .   (no cloak)
rCorr    .         Rampage  .   (no gloves)
Will     .....                  (no boots)
Stlth    +++.......             (no amulet)
HPRegen  0.14/turn              (no ring)
MPRegen  0.10/turn              (no ring)

@: hasted, very quick
A: small, nightstalker 3
a: no special abilities


You were on level 6 of the Dungeon.
You visited 2 branches of the dungeon, and saw 6 of its levels.
You also visited: Sewer.

You collected 196 gold pieces.

Inventory:

Hand Weapons
 a - a +3 hand crossbow
 b - a +0 dagger of flaming (weapon)
 g - a +0 short sword
 r - a +2 short sword of protection
Missiles
 d - 16 bolts
 l - 24 arrows
Armour
 c - a +0 leather armour
 m - a +1 leather armour of poison resistance (worn)
Scrolls
 f - 3 scrolls of remove curse
 h - 2 scrolls of teleportation
 q - 2 scrolls of blinking
 s - a scroll of amnesia
Potions
 e - 3 potions of curing
 i - a potion of attraction {unknown}
 j - 2 potions of haste
 k - 2 potions of might {unknown}
 n - a potion of heal wounds {unknown}
 o - a potion of berserk rage {unknown}
 p - 3 potions of magic {unknown}


   Skills:
 * Level 4.0 Fighting
 + Level 1.2 Short Blades
 + Level 7.0 Crossbows
 + Level 2.0 Armour
 + Level 2.9 Dodging
 * Level 4.0 Stealth


You had 6 spell levels left.
You didn't know any spells.
Your spell library was empty.

Dungeon Overview and Level Annotations

Branches:
Dungeon (6/15)             Temple (1/1) D:6           Sewer (visited)

Altars:
Ashenzari
Elyvilon
Fedhas
Gozag
Hepliaklqana
Kikubaaqudgha
Makhleb
Nemelex Xobeh
Qazlal
Trog
Uskayaw
Vehumet
Wu Jian
Yredelemnul
Zin
The Shining One

Shops:
D:2 *   D:4 (

Annotations:
D:6 Menkaure


Innate Abilities, Weirdness & Mutations

You are small and have problems with some larger weapons.
You are completely attuned to the shadows.


Message History

Menkaure mumbles some strange words.
Menkaure seems to speed up.
You hit Menkaure. You burn Menkaure.
Menkaure is severely damaged.
Menkaure casts a spell at you. Pain shoots through your body!
* * * LOW HITPOINT WARNING * * *
You hit Menkaure but do no damage.
Menkaure is severely damaged.
Menkaure closely misses you.
You hit Menkaure but do no damage.
Menkaure is severely damaged.
Menkaure gestures at you while chanting.
You struggle to resist.
You closely miss Menkaure.
Menkaure is severely damaged.
Menkaure hits you.
* * * LOW HITPOINT WARNING * * *
You feel yourself speed up. Menkaure hits you!
You die...

.......##.###.#.#######.##
........##........O #.##
........##....##.#.# #.##
....#'##...... ..#.# #.##
............ #.##
......##.#.# # #.##
##.#.......##.# #####.##
#.#.###......# ......##
..........@M... ........
.....#####.#### #######.
.....# #... .. .#.###
#.### ##. .. #.# #.


You could see Menkaure (fast).

Vanquished Creatures
  A bullfrog (D:6)
  A scorpion (Temple)
  An orc priest (D:3)
  An orc wizard (D:3)
  Natasha (twice) (D:2)
  3 river rats (Sewer)
  7 adders
  2 worms (D:3)
  2 dart slugs
  2 leopard geckos
  16 orcs
  3 giant cockroaches
  5 hobgoblins
  4 jackals (D:1)
  3 kobolds
  3 quokkas (D:3)
  6 ball pythons
  3 bats (D:1)
  12 frilled lizards
  5 goblins
  9 rats
91 creatures vanquished.

Vanquished Creatures (others)
  Natasha (D:2)
1 creature vanquished.

Grand Total: 92 creatures vanquished

Notes
Turn   | Place    | Note
-------+----------+-------------------------------------------
     0 | D:1      | Gauvater the Kobold Hunter began the quest for the Orb.
     0 | D:1      | Reached XP level 1. HP: 12/12 MP: 1/1
   113 | D:1      | Reached skill level 5 in Crossbows
   152 | D:1      | Reached XP level 2. HP: 18/18 MP: 2/2
   492 | D:1      | Reached XP level 3. HP: 21/22 MP: 3/3
  1207 | D:2      | Found an opulent altar of Gozag.
  1308 | D:2      | Found Gozag's Platinum Reserve.
  1528 | D:2      | Found a radiant altar of Vehumet.
  1630 | D:2      | Noticed Natasha
  1668 | D:2      | Killed Natasha
  1669 | D:2      | Reached XP level 4. HP: 11/27 MP: 4/4
  2077 | D:2      | Noticed Natasha
  2083 | D:2      | Killed Natasha
  2084 | D:2      | Reached skill level 1 in Armour
  2269 | D:2      | Killed Natasha
  2524 | D:3      | Found a basalt altar of Yredelemnul.
  2625 | D:3      | Reached skill level 1 in Short Blades
  2625 | D:3      | Reached XP level 5. HP: 32/32 MP: 5/5
  2800 | D:3      | Reached skill level 6 in Crossbows
  2814 | D:3      | Found a white marble altar of Elyvilon.
  2869 | D:3      | Reached XP level 6. HP: 37/37 MP: 6/6
  3684 | D:4      | Found a glowing drain.
  3690 | Sewer    | Entered a sewer
  4388 | D:4      | Found Qofuece's Antique Weapon Shoppe.
  4418 | D:4      | You fall into a shaft and drop 2 floors!
  4457 | D:6      | Reached skill level 7 in Crossbows
  4754 | D:6      | Found a staircase to the Ecumenical Temple.
  4758 | Temple   | Entered the Ecumenical Temple
  5031 | D:6      | Noticed a phantom
  5129 | D:6      | Reached XP level 7. HP: 24/42 MP: 7/7
  5603 | D:6      | Noticed Menkaure
  5616 | D:6      | Mangled by Menkaure

Illustrated notes

Levels and vault maps discovered:
D:1:      matt_arrival_refuge, layout_basic, minmay_lizard_pond
D:2:      layout_basic, nicolae_gozag_zags_fifth_avenue, fiery_altar_vehumet,
          uniq_natasha
D:3:      layout_loops_ring, elyvilon_altar_5, yredelemnul_altar_generic
D:4:      layout_gridville, nicolae_ru_awakened_eye, serial_shops,
          kennysheep_little_box, portal_sewer_entry_d, gammafunk_ghost_cemetery
D:6:      wander_guarded_unrand_ratskin, layout_basic, temple_hall_moat,
          grunt_dithmenos_shadows, uniq_menkaure
Temple:   nicolae_temple_god_jail

Skill      XL: |  1  2  3  4  5  6  7 |
---------------+----------------------+-----
Crossbows      | 5 6 7 |  7.0
Stealth        | 2 3 4 |  4.0
Armour         | 1 2 |  2.0
Fighting       | 3 4 |  4.0
Short Blades   | 1 |  1.2
Dodging        | |  2.9

Action                   |  1- 3 |  4- 6 |  7- 9 || total
-------------------------+-------+-------+-------++-------
Melee: Dagger            |    24 |    24 |     8 ||    56
       Short sword       |     3 |    39 |    27 ||    69
 Fire: Hand crossbow     |    50 |   123 |       ||   173
  Use: Potion            |     1 |       |     2 ||     3
       Scroll            |       |    10 |       ||    10
 Stab: Sleeping          |       |     4 |     1 ||     5
Armor: Leather armour    |    13 |    23 |     4 ||    40
Dodge: Dodged            |    34 |    85 |    15 ||   134
